 Dungeon Crawl Stone Soup version 0.25.1-8-g42b30a86e7 (webtiles) character file.

Game seed: 17521748655083885674

14578 DearestLeader the Frost Mage (level 12, -2/69 HPs)
             Began as a Gargoyle Ice Elementalist on Dec 14, 2020.
             Was an Elder of Vehumet.
             Killed from afar by a lindwurm (12 damage)
             ... with a blast of flame
             ... in a volcano.
             The game lasted 00:25:38 (12672 turns).

DearestLeader the Frost Mage (GrIE)                Turns: 12672, Time: 00:25:39

Health: -2/69      AC: 17    Str: 19    XL:     12   Next: 18%
Magic:  11/23      EV: 12    Int: 20    God:    Vehumet [****..]
Gold:   955        SH:  5    Dex: 10    Spells: 14/26 levels left

rFire    . . .     SeeInvis .   a - +6 demon trident
rCold    . . .     Gourm    .   f - +0 buckler
rNeg     + . .     Faith    .   N - +0 steam dragon scales
rPois    ∞         Spirit   .   O - +2 helmet
rElec    +         Reflect  .   U - scarf {+Inv}
rCorr    .         Harm     .   F - +0 pair of gloves
MR       .....                  (no boots)
Stlth    ++........             H - amulet of the acrobat
HPRegen  0.21/turn              E - +6 ring of strength
MPRegen  0.18/turn              K - ring of flight

@: no status effects
A: negative energy resistance 1, electricity resistance, unbreathing,
petrification resistance, rot immunity, AC +8
a: Renounce Religion, Evoke Invisibility, Evoke Flight


You were in a volcano.
You worshipped Vehumet.
Vehumet was greatly pleased with you.
You were near starving.

You visited 3 branches of the dungeon, and saw 13 of its levels.
You also visited: Ossuary and Volcano.

You collected 955 gold pieces.

Inventory:

Hand Weapons
 a - a +6 demon trident (weapon)
 k - a +0 hunting sling
 L - a +1 whip of holy wrath
Missiles
 i - 6 silver javelins (quivered)
Armour
 f - a +0 buckler (worn)
 F - a +0 pair of gloves (worn)
 N - +0 steam dragon scales (worn)
 O - a +2 helmet (worn)
 U - a scarf of invisibility (worn)
Magical Staves
 q - an uncursed staff of poison
Jewellery
 E - a +6 ring of strength (left hand)
 H - an amulet of the acrobat (around neck)
 K - a ring of flight (right hand)
 T - a cursed -4 ring of strength
Wands
 m - a wand of acid (8)
 y - a wand of clouds (4)
 C - a wand of random effects (35)
 G - a wand of enslavement (10)
 J - a wand of polymorph (6)
 P - a wand of iceblast (18)
Scrolls
 e - 2 scrolls of fog
 g - 4 scrolls of fear
 o - 5 scrolls of remove curse
 p - 4 scrolls of teleportation
 t - a scroll of enchant weapon
 v - 2 scrolls of enchant armour
 x - a scroll of amnesia
 A - 2 scrolls of immolation
 V - a scroll of vulnerability {unknown}
Potions
 b - a potion of flight
 h - a potion of heal wounds
 j - 3 potions of degeneration {unknown}
 l - 6 potions of curing
 n - 3 potions of stabbing {unknown}
 r - a potion of mutation {unknown}
 s - 2 potions of invisibility {unknown}
 u - a potion of cancellation {unknown}
 w - 4 potions of haste {unknown}
 z - 2 potions of might
 B - 3 potions of brilliance
 D - 2 potions of ambrosia {unknown}
 R - a potion of lignification {unknown}
 S - a potion of magic {unknown}
Comestibles
 c - 29 rations


   Skills:
 + Level 5.8 Fighting
 + Level 2.4 Staves
 - Level 2.0 Dodging
 - Level 2.1 Stealth
 - Level 5.0 Shields
 + Level 7.9 Spellcasting
 + Level 7.4 Conjurations
 - Level 4.0 Summonings
 * Level 13.5 Ice Magic


You had 14 spell levels left.
You knew the following spells:

 Your Spells              Type           Power        Failure   Level  Hunger
a - Freeze                Ice            ####         1%          1    None
b - Frozen Ramparts       Ice            ######       1%          3    None
c - Summon Ice Beast      Ice/Summ       #####...     2%          4    ###....
d - Hailstorm             Conj/Ice       #####...     1%          4    ###....

Your spell library contained the following spells:

 Spells                   Type           Power        Failure   Level  Hunger
 Ignite Poison            Fire/Tmut/Pois #.......     7%          3    None
 Ozocubu's Armour         Chrm/Ice       #####...     1%          3    None
 Shroud of Golubria       Chrm/Tloc      #.....       13%         2    None
 Vampiric Draining        Necr           #.........   26%         3    None
 Animate Dead             Necr           N/A          65%         4    ###....
 Death Channel            Necr           #.........   100%        6    ######.


Dungeon Overview and Level Annotations

Branches:
Dungeon (10/15)            Temple (1/1) D:5            Lair (2/6) D:10
 Shoals (0/4) Lair:2        Snake (0/4) Lair:2      Ossuary (visited)
Volcano (1/1)
    Orc: D:9-12

Altars:
Ashenzari
Dithmenos
Elyvilon
Fedhas
Gozag
Kikubaaqudgha
Nemelex Xobeh
Okawaru
Qazlal
Trog
Uskayaw
Vehumet
Wu Jian
Xom
Zin
The Shining One

Shops:
D:5 %*   D:6 !

Annotations:
D:6 exclusion: oklob plant
D:7 1 runed translucent door, Quickbrownfox's ghost, novice MiGl


Innate Abilities, Weirdness & Mutations

You are resistant to torment.
Your stone body is resilient. (AC +8)
You are immune to poison.
You resist negative energy. (rN+)
You are resistant to electric shocks. (rElec)
You can survive without breathing.
You are immune to petrification.
You are immune to rotting.


Message History

Casting: Hailstorm (safe; 1% risk of failure)
Confirm with . or Enter, or press ? or * to list all spells.
A cannonade of hail descends around you!
The hail pelts the lindwurm!
The lindwurm is almost dead.
The hail misses the lindwurm.
The lindwurm breathes flames at you. The blast of flame hits you!!
* * * LOW HITPOINT WARNING * * *
Casting: Hailstorm (safe; 1% risk of failure)
Confirm with . or Enter, or press ? or * to list all spells.
A cannonade of hail descends around you!
The hail pelts the lindwurm!
You kill the lindwurm!
Vehumet accepts your kill.
You feel your power returning.
The hail pelts the lindwurm!
The lindwurm is almost dead.
The lindwurm breathes flames at you. The blast of flame hits you!
You die...

#..## ....# ## ###
#.≈§.## ##.## ##.##
..≈≈E.# ##...###...##
##.≈≈≈≈.#
##≈....#.....###..≈≈≈≈..
#≈≈....#......##.≈≈k.≈≈.
#≈≈.∩..)#####..#@§≈..≈≈.
#≈≈≈...###≈≈##.)###≈≈###
#≈≈≈...#≈≈°≈≈#### #
#≈≈§...#≈≈≈≈≈≈E
#°≈.∩..)≈≈≈§§°.
#°≈....#.≈≈≈°§#
##≈....#..≈..##
##...###...## ##.## #°##


You could see a lindwurm (catching breath) and an earth elemental.

Vanquished Creatures
  A two-headed ogre (D:10)
  A lindwurm (Volcano)
  Psyche (D:8)
  2 molten gargoyles (Volcano)
  A gargoyle (D:10)
  A komodo dragon (D:10)
  An efreet (Volcano)
  A troll (D:9)
  A dream sheep (D:10)
  A blink frog (Lair:1)
  2 wraiths (D:10)
  6 yaks
  A wyvern (D:10)
  A fire elemental (Volcano)
  A basilisk (Lair:1)
  A naga (Lair:2)
  6 porcupines
  2 water moccasins (Lair:1)
  3 ice beasts
  An orc warrior (D:9)
  5 sky beasts
  5 ogres
  3 phantoms
  5 black bears
  6 wolves (Lair:1)
  2 crocodiles
  2 big kobolds
  9 bullfrogs
  An earth elemental (Volcano)
  A water moccasin zombie (D:10)
  3 scorpions (D:10)
  A water moccasin skeleton (D:10)
  11 killer bees
  5 howler monkeys
  An electric eel (D:10)
  A crimson imp (D:8)
  2 bullfrog zombies
  5 hounds
  3 jellies
  5 orc priests
  6 orc wizards
  A bullfrog skeleton (D:4)
  2 iguanas (D:6)
  A centaur skeleton (D:9)
  8 worker ants
  A hound zombie (D:7)
  5 mummies (Ossuary)
  A hound skeleton (D:4)
  2 howler monkey zombies
  7 gnolls
  11 adders
  A howler monkey skeleton (D:6)
  2 shadow imps
  2 oozes
  2 adder skeletons
  An adder zombie (D:7)
  A worm (D:3)
  A dart slug (D:2)
  3 leopard geckos
  21 orcs
  7 giant cockroaches
  9 goblins
  8 hobgoblins
  22 jackals
  9 quokkas
  9 bats
  6 frilled lizards
  2 gnoll zombies (Ossuary)
  3 hobgoblin zombies (Ossuary)
  10 kobolds
  A kobold zombie (Ossuary)
  An orc zombie (Ossuary)
  A quokka skeleton (D:10)
  5 rats
283 creatures vanquished.

Vanquished Creatures (collateral kills)
  Gastronok (D:10)
  A hydra (D:10)
  A two-headed ogre (D:10)
  Urug (D:10)
  Maggie (D:8)
  A hippogriff (D:10)
  A dream sheep (D:10)
  A wraith (D:10)
  A yak (D:10)
  A porcupine (D:10)
  2 big kobolds (D:10)
  3 mummies (Ossuary)
  A hobgoblin zombie (Ossuary)
16 creatures vanquished.

Vanquished Creatures (others)
  29 fungi (D:10)
  27 plants (D:10)
56 creatures vanquished.

Grand Total: 355 creatures vanquished

Notes
Turn   | Place    | Note
-------+----------+-------------------------------------------
     0 | D:1      | DearestLeader the Gargoyle Ice Elementalist began the quest
                  | for the Orb.
     0 | D:1      | Reached XP level 1. HP: 10/10 MP: 3/3
   578 | D:1      | Reached XP level 2. HP: 14/15 MP: 5/5
   974 | D:2      | Found an iron altar of Okawaru.
  1110 | D:2      | Reached skill level 5 in Ice Magic
  1110 | D:2      | Reached XP level 3. HP: 12/19 MP: 2/6
  1291 | D:2      | Found a glowing golden altar of the Shining One.
  1447 | D:2      | Learned a level 3 spell: Frozen Ramparts
  1617 | D:2      | Reached XP level 4. HP: 21/24 MP: 4/7
  1951 | D:3      | Reached skill level 6 in Ice Magic
  1952 | D:3      | Reached XP level 5. HP: 26/28 MP: 4/8
  2146 | D:3      | Noticed a sky beast
  2161 | D:3      | Killed a sky beast
  2161 | D:3      | Reached skill level 7 in Ice Magic
  2161 | D:3      | Reached XP level 6. HP: 23/32 MP: 3/9
  2743 | D:3      | Found a sparkling altar of Nemelex Xobeh.
  3070 | D:3      | Learned a level 4 spell: Summon Ice Beast
  3486 | D:4      | Found a glowing silver altar of Zin.
  3710 | D:4      | Reached XP level 7. HP: 32/36 MP: 6/10
  3713 | D:4      | Reached skill level 8 in Ice Magic
  3780 | D:4      | Reached skill level 1 in Summonings
  4007 | D:5      | Entered Level 5 of the Dungeon
  4169 | D:5      | Found Boppeusa's Food Boutique.
  4252 | D:5      | Found a staircase to the Ecumenical Temple.
  4256 | Temple   | Entered the Ecumenical Temple
  4283 | Temple   | Became a worshipper of Vehumet
  4418 | D:5      | Reached XP level 8. HP: 24/41 MP: 6/12
  4424 | D:5      | Learned a level 4 spell: Hailstorm
  4632 | D:5      | Found Woelakank's Assorted Antiques.
  4711 | D:5      | Reached skill level 9 in Ice Magic
  4757 | D:6      | Found a sand-covered staircase.
  4775 | Ossuary  | Entered an ossuary
  4908 | Ossuary  | Reached * piety under Vehumet
  4908 | Ossuary  | Offered knowledge of Magic Dart by Vehumet.
  5778 | D:6      | Found a blossoming altar of Fedhas.
  5778 | D:6      | Noticed an oklob plant
  6345 | D:6      | Found Nan Woec's Distillery.
  6403 | D:6      | Identified the Catalogue of the Lethal Traveller
  6909 | D:7      | Found a runed translucent door.
  6910 | D:7      | Noticed Quickbrownfox's ghost (novice MiGl)
  6911 | D:7      | Noticed an ogre mage
  6930 | D:7      | Found a shattered altar of Ashenzari.
  6932 | D:7      | Found a hide-covered altar of Uskayaw.
  6942 | D:7      | Reached skill level 10 in Ice Magic
  6943 | D:7      | Reached XP level 9. HP: 38/45 MP: 8/15
  7216 | D:7      | Reached skill level 1 in Conjurations
  7753 | D:8      | Reached skill level 5 in Spellcasting
  7783 | D:8      | Reached ** piety under Vehumet
  7783 | D:8      | Offered knowledge of Foxfire by Vehumet.
  7824 | D:8      | Noticed Psyche
  7839 | D:8      | Killed Psyche
  7839 | D:8      | Reached skill level 1 in Fighting
  7999 | D:8      | Reached skill level 11 in Ice Magic
  8355 | D:8      | Noticed Maggie
  8372 | D:8      | Killed Maggie
  8777 | D:9      | Reached XP level 10. HP: 54/54 MP: 14/18
  8872 | D:9      | Offered knowledge of Inner Flame by Vehumet.
  9062 | D:9      | Reached *** piety under Vehumet
  9331 | D:9      | Offered knowledge of Iskenderun's Mystic Blast by Vehumet.
  9549 | D:9      | Found a shadowy altar of Dithmenos.
  9603 | D:9      | Found a stormy altar of Qazlal.
  9708 | D:10     | Entered Level 10 of the Dungeon
  9759 | D:10     | Reached skill level 5 in Conjurations
  9784 | D:10     | Reached skill level 12 in Ice Magic
  9982 | D:10     | Noticed a two-headed ogre
 10011 | D:10     | Killed a two-headed ogre
 10011 | D:10     | Reached skill level 5 in Fighting
 10011 | D:10     | Reached XP level 11. HP: 55/63 MP: 17/21
 10099 | D:10     | Reached **** piety under Vehumet
 10161 | D:10     | Reached skill level 1 in Shields
 10207 | D:10     | Noticed a two-headed ogre
 10216 | D:10     | Offered knowledge of Ignite Poison by Vehumet.
 10217 | D:10     | Killed a two-headed ogre
 10549 | D:10     | Noticed a three-headed hydra
 10554 | D:10     | Killed a three-headed hydra
 10648 | D:10     | Noticed Gastronok
 10658 | D:10     | Noticed Urug
 10869 | D:10     | Killed Urug
 10869 | D:10     | Reached skill level 13 in Ice Magic
 11348 | D:10     | Killed Gastronok
 11348 | D:10     | Reached skill level 5 in Shields
 11454 | D:10     | Found a staircase to the Lair.
 11668 | Lair:1   | Entered Level 1 of the Lair of Beasts
 11704 | Lair:1   | Reached skill level 1 in Staves
 12014 | Lair:1   | Reached XP level 12. HP: 58/68 MP: 23/23
 12437 | Lair:2   | Found a staircase to the Snake Pit.
 12471 | Lair:2   | Found a dark tunnel.
 12478 | Volcano  | Entered a volcano
 12672 | Volcano  | Killed from afar by a lindwurm

Illustrated notes

Levels and vault maps discovered:
D:1:      eino_arrival_tree_alley, layout_basic, serial_forest,
          infiniplex_forest_clump_small, infiniplex_forest_side_room,
          infiniplex_forest_straight_4, infiniplex_forest_corner_2,
          infiniplex_forest_end_2, infiniplex_forest_lined_2,
          infiniplex_forest_straight_1, infiniplex_forest_lined_2
D:2:      kennysheep_six_static_rooms, layout_basic, tso_oasis_becter,
          chequers_jeans, kennysheep_pointless_box, serial_bayou_pond_b,
          okawaru_ov_weapons_minmay
D:3:      layout_basic, nemelex_altar_shiori, minmay_joined_circles
D:4:      layout_rooms, nicolae_overflow_hidden_temple, first_ration,
          minmay_fractal_squares_5
D:5:      layout_cave_pools, temple_hall_moat, serial_shops, shop, shop
D:6:      layout_cave_pools, serial_park, serial_park_square3
          [serial_park_minivault_5x5_3], serial_park_gazebo
          [serial_park_minivault_5x5_1], serial_park_tiny_pond,
          serial_park_avenue1, nicolae_ossuary_entry_ruins, serial_shops,
          nicolae_shop_temple_entry_statues_fountains, lemuel_oklob_altar
D:7:      layout_rooms, chequers_temple_overflow_statue_of_worship,
          ebering_ghost_inner_flame
D:8:      layout_basic, uniq_psyche, uniq_maggie
D:9:      layout_loops_cross, overflow_temple_1_default,
          nicolae_qazlal_general_emergency
D:10:     layout_cross, due_lair_maze_entry_diamond, hangedman_ranch
          [blue_anna_fruit_fields], kennysheep_donut, uniq_gastronok, uniq_urug
Temple:   regret_index_temple_waves
Lair:1:   layout_misc_corridors, st_stairs_4, patterned_corridor
Lair:2:   layout_small_grid, elwin_shoals_entry_rocks,
          guppyfry_snake_entry_garden, enter_volcano_2
Volcano:  volcano_aerie

Skill      XL: |  1  2  3  4  5  6  7  8  9 10 11 12 |
---------------+-------------------------------------+-----
Ice Magic      | 5 6 7 8 10 11 12 13 | 13.5
Summonings     | 2 3 4 |  4.0
Spellcasting   | 3 4 5 6 7 |  7.9
Conjurations   | 3 5 7 |  7.4
Dodging        | 2 |  2.0
Fighting       | 2 5 |  5.8
Shields        | 5 |  5.0
Staves         | 1 2 |  2.4
Stealth        | |  2.1

Action                   |  1- 3 |  4- 6 |  7- 9 | 10-12 || total
-------------------------+-------+-------+-------+-------++-------
Melee: Hand axe          |    29 |       |       |       ||    29
       Dagger            |     3 |       |       |       ||     3
       Falchion          |     1 |       |       |       ||     1
       Whip              |    25 |   163 |   301 |   137 ||   626
       Demon trident     |       |       |       |    75 ||    75
Throw: Javelin           |     2 |       |       |       ||     2
 Cast: Freeze            |    14 |     3 |     4 |    13 ||    34
       Frozen Ramparts   |       |     7 |    21 |    37 ||    65
       Summon Ice Beast  |       |       |    10 |    21 ||    31
       Hailstorm         |       |       |       |    14 ||    14
Evoke: Wand              |       |       |       |     1 ||     1
  Use: Scroll            |       |       |    13 |     5 ||    18
       Potion            |       |       |     1 |     4 ||     5
 Stab: Sleeping          |     1 |     4 |     4 |     3 ||    12
       Distracted        |       |     1 |       |       ||     1
  Eat: Chunk             |     2 |     8 |    11 |    11 ||    32
       Ration            |       |       |     3 |     1 ||     4
Armor: Robe              |    30 |    69 |   139 |       ||   238
       Steam dragon scal |       |       |       |   111 ||   111
Dodge: Dodged            |    61 |   123 |   206 |   205 ||   595
Block: Buckler           |       |       |       |    11 ||    11
       Rpst.: Falchion   |     2 |       |       |       ||     2
